 Dungeon Crawl Stone Soup version 0.18-a0-1577-gf591c28 (webtiles) character file.

1200 namelastname112 the Gouger (level 8, 39/39 HPs)
             Began as a Felid Chaos Knight on Mar 19, 2016.
             Quit the game on level 10 of the Dungeon.
             The game lasted 00:27:33 (15419 turns).

namelastname112 the Gouger (Felid Chaos Knight)    Turns: 15419, Time: 00:27:33

Health: 39/39      AC:  6    Str:  8    XL:     8   Next: 21%
Magic:  13/13      EV: 22    Int: 20    God:    Xom [.*....]
Gold:   2584       SH:  0    Dex: 13    Spells: 2 memorised, 8 levels left
                                        Lives:  0   Deaths: 3

rFire  . . .     SeeInvis +       - Unarmed
rCold  + . .     Gourm    .     (armour unavailable)
rNeg   . . .     Faith    .     (shield unavailable)
rPois  .         Spirit   .     (helmet unavailable)
rElec  .         Dismiss  .     (cloak unavailable)
rCorr  .         Reflect  .     (gloves unavailable)
SustAt .         Harm     .     (boots unavailable)
MR     +....                    (no amulet)
Stlth  +++++.....               y - +4 ring of protection
                                o - ring of protection from cold

@: repel missiles, quick, somewhat resistant to hostile enchantments, quite
stealthy
A: no armour, no weapons or thrown items, claws 1, fangs 3, see invisible,
blink, carnivore 3, clever 1, clumsy 1, deterioration 1, speed 1, shaggy fur 2,
slow metabolism 1, wild magic 1, sharp paws
a: Blink, Renounce Religion


You were on level 10 of the Dungeon.
You worshipped Xom.
You were a plaything of Xom.
You were not hungry.

You visited 1 branch of the dungeon, and saw 11 of its levels.
You also visited: Ossuary.

You collected 2584 gold pieces.

Inventory:

Jewellery
 o - a ring of protection from cold (left paw)
 u - a cursed ring of positive energy
 y - a +4 ring of protection (right paw)
Wands
 i - a wand of acid (14/15)
 B - a wand of flame (29/48)
Scrolls
 c - 2 scrolls of fear
 j - 5 scrolls of teleportation
 q - a scroll of amnesia
 r - a scroll of identify
 w - 2 scrolls of recharging
 x - 4 scrolls of remove curse
Potions
 d - a potion of haste
 e - 3 potions of cure mutation
 f - a potion of heal wounds
 g - 2 potions of agility
 l - 6 potions of curing
 n - 3 potions of might
 s - a potion of ambrosia
 z - a potion of magic
 A - a potion of flight
Books
 C - a book of Minor Magic

   Spells                             Type                      Level
   a - Magic Dart                     Conjuration                  1
   b - Blink                          Translocation                2
   c - Call Imp                       Summoning                    2
   d - Repel Missiles                 Charms/Air                   2
   e - Slow                           Hexes                        2
   f - Conjure Flame                  Conjuration/Fire             3
   g - Mephitic Cloud                 Conjuration/Poison/Air       3
Comestibles
 a - 6 meat rations
 b - 10 slices of pizza
 h - 2 beef jerkies


   Skills:
 + Level 6.5 Fighting
 + Level 8.6 Dodging
 + Level 7.9 Stealth
 * Level 9.2 Unarmed Combat
 + Level 2.9 Spellcasting
 + Level 4.3 Charms
 + Level 4.9 Translocations
 + Level 5.9 Evocations


You had 8 spell levels left.
You knew the following spells:

 Your Spells              Type           Power        Failure   Level  Hunger
b - Repel Missiles        Chrm/Air       ###...       22%         2    ##.....
x - Blink                 Tloc           N/A          7%          2    ##.....


Dungeon Overview and Level Annotations

Branches:
Dungeon (11/15)            Temple (0/1) D:4             Orc (0/2) D:10
   Lair: D:8-11

Altars:
Elyvilon
Fedhas
Gozag
Kikubaaqudgha
Okawaru
Pakellas
Ru
Vehumet
Xom

Shops:
D:5 %   D:9 %

Annotations:
D:9 exclusion: statue


Innate Abilities, Weirdness & Mutations

You cannot wear armour.
You are incapable of wielding weapons or throwing items.
You have sharp claws.
You have razor-sharp teeth.
You have supernaturally acute eyesight.
You are carnivorous and can eat meat at any time.
You cover ground quickly.
You are covered in thick fur (AC +2).
You have a slow metabolism.
Your sharp claws are effective at attacking unaware monsters.
You can translocate small distances at will.
Your mind is acute. (Int +2)
You are clumsy. (Dex -2)
Your body sometimes deteriorates upon taking damage.
Your spells are a little harder to cast, but a little more powerful.


Message History

A quasit is nearby!
A quasit is nearby!
You claw the quasit! You bite the quasit, but do no damage.
The quasit is heavily wounded.
The quasit bites you but does no damage.
The quasit misses you. The quasit closely misses you.
You barely miss the quasit.
The quasit is heavily wounded.
The quasit bites you but does no damage.
The quasit misses you. The quasit barely misses you.
You scratch the quasit but do no damage.
The quasit is heavily wounded.
The quasit closely misses you. The quasit misses you.
The quasit closely misses you.
You claw the quasit!
You kill the quasit!
No target in view!
Drink which item? (? for menu, Esc to quit)
Okay, then.
Are you sure you want to abandon this character and quit the game? (Confirm with "yes".)

#......#####..#............Y..
#..........'..######......####
#......###.#.......#......#...
#.##...# #.#.......#......#...
#.##...###.#.......#......#.w.
#..........#########......####
#.....#####......#############
#.....#...#......#............
#.###.#...#..@.#.+............
#.###.#...#....#.#...5........
#.....##..#...|..####4########
#......#..###.......†...######
#..###.#....#..###......#....'
#..# #.#....#..# #......#....#
#..###.#....#..###......#....#
#......#....'...........##...#
#.....##....####'####'######'#


There were no monsters in sight!

Vanquished Creatures
  A wyvern (D:8)
  A human (D:8)
  3 yaks (D:10)
  2 black bears (D:9)
  3 sky beasts
  2 ice beasts
  A necrophage (D:10)
  An ogre (D:6)
  A phantom (D:6)
  4 centaurs
  7 giant frogs
  4 big kobolds
  A wyvern skeleton (D:10)
  3 scorpions
  A water moccasin skeleton (D:6)
  6 killer bees (D:10)
  9 wights (D:10)
  5 howler monkeys
  2 crimson imps
  7 hounds
  A quasit (D:4)
  3 orc priests
  3 jellies
  4 orc wizards
  3 giant frog skeletons
  8 worker ants
  2 hound skeletons
  2 mummies (Ossuary)
  2 worker ant zombies (D:6)
  6 adders
  2 shadow imps
  An adder zombie (D:8)
  8 worms
  2 dart slugs
  8 giant geckos
  18 orcs
  5 giant cockroaches
  13 goblins
  2 hobgoblins
  6 jackals
  23 kobolds
  9 quokkas
  2 ball pythons
  4 bats
  4 giant newts
  A hobgoblin zombie (Ossuary)
  A jackal skeleton (D:4)
  A jackal zombie (D:5)
  A kobold zombie (Ossuary)
  An orc zombie (Ossuary)
  2 quokka skeletons
  6 rats
218 creatures vanquished.

Vanquished Creatures (collateral kills)
  A deep elf mage (D:8)
  A troll (D:10)
  A hungry ghost (D:7)
  The ghost of namelastname112 the Scratcher, an amateur FeCK of Xom (D:5)
  2 ogres
  4 killer bees (D:10)
  4 wights (D:10)
  A crimson imp (D:6)
  6 mummies (Ossuary)
  An adder (D:7)
  3 worms (D:10)
  2 gnoll zombies (Ossuary)
  A hobgoblin zombie (Ossuary)
  2 orc zombies (Ossuary)
30 creatures vanquished.

Vanquished Creatures (others)
  2 yaks (D:10)
  3 kobolds (D:8)
  4 plants (D:10)
9 creatures vanquished.

Grand Total: 257 creatures vanquished

Notes
Turn   | Place    | Note
--------------------------------------------------------------
     0 | D:1      | namelastname112 the Felid Chaos Knight began the quest for the Orb.
     0 | D:1      | Reached XP level 1. HP: 10/10 MP: 2/2
   276 | D:1      | Reached skill level 1 in Stealth
   298 | D:1      | XOM: smoke on damage
   562 | D:1      | Reached XP level 2. HP: 11/14 MP: 3/3
   669 | D:1      | XOM is BORED!
   669 | D:1      | XOM: noise
   939 | D:1      | XOM: mild Tloc miscast
  1146 | D:1      | XOM is BORED!
  1146 | D:1      | XOM: give mutation
  1146 | D:1      | Gained mutation: You are dopey. (Int -2) [Xom's mischief]
  1273 | D:1      | XOM: vitrification
  1396 | D:2      | Found an oddly glowing altar of Pakellas.
  1583 | D:2      | Reached XP level 3. HP: 17/17 MP: 4/4
  1683 | D:2      | XOM: summons 4 hostile shadow creatures
  1849 | D:2      | Found a blossoming altar of Fedhas.
  1902 | D:2      | XOM: noise
  2175 | D:3      | XOM: enchant monster (bad)
  2177 | D:3      | XOM: blink monster(s)
  2183 | D:3      | XOM: silly message
  2186 | D:3      | XOM: butterfly on damage
  2326 | D:2      | Reached XP level 4. HP: 17/21 MP: 5/5
  2382 | D:3      | HP: 1/21 [orc priest/nerve-wracking pain (7)]
  2459 | D:2      | XOM: divination: detect creatures
  2467 | D:2      | XOM: give mutations
  2467 | D:2      | Lost mutation: You are dopey. (Int -2) [Xom's grace]
  2467 | D:2      | Gained mutation: You are resistant to hostile enchantments. [Xom's grace]
  2836 | D:3      | XOM: god gift: 1870 gold pieces
  3081 | D:3      | XOM: god gift: box of beasts
  3389 | D:3      | You fall through a shaft for 2 floors!
  3389 | D:5      | Entered Level 5 of the Dungeon
  3399 | D:5      | XOM: fog
  3402 | D:5      | Reached skill level 4 in Unarmed Combat
  3510 | D:5      | Noticed a sky beast
  3522 | D:5      | Killed a sky beast
  3522 | D:5      | Reached skill level 1 in Evocations
  3522 | D:5      | Reached XP level 5. HP: 18/25 MP: 6/6
  3527 | D:4      | XOM: potion effect (berserk rage)
  3532 | D:4      | XOM: potion effect (curing)
  3534 | D:4      | Gained mutation: You are covered in thick fur (AC +2). [Felid growth]
  3534 | D:4      | Reached XP level 6. HP: 28/28 MP: 6/8
  3577 | D:4      | XOM: potion effect (brilliance)
  3598 | D:4      | Found a sand-covered staircase.
  3602 | Ossuary  | Entered an ossuary
  3650 | Ossuary  | XOM: divination: detect creatures
  3677 | Ossuary  | Reached skill level 5 in Unarmed Combat
  3834 | Ossuary  | XOM: harmless Pois miscast
  4090 | D:4      | XOM: divination: magic mapping
  4107 | D:4      | XOM: silly message
  4122 | D:4      | Found a staircase to the Ecumenical Temple.
  4221 | D:4      | XOM: potion effect (berserk rage)
  4503 | D:3      | Reached skill level 5 in Dodging
  5118 | D:5      | Noticed namelastname112's ghost (amateur FeCK)
  5243 | D:4      | XOM: divination: detect creatures
  5767 | D:4      | XOM: harmless Necr miscast
  5848 | D:5      | Killed namelastname112's ghost
  5848 | D:5      | Reached XP level 7. HP: 32/32 MP: 9/9
  5883 | D:5      | Found Ymeado's Food Emporium.
  6113 | D:5      | Found a sacrificial altar of Ru.
  6169 | D:5      | Found a white marble altar of Elyvilon.
  6276 | D:6      | XOM: medium Trmt miscast
  6281 | D:6      | XOM: mild Trmt miscast
  6442 | D:6      | XOM: mild Conj miscast
  6444 | D:6      | XOM: potion effect (berserk rage)
  6621 | D:6      | XOM: butterfly on damage
  6722 | D:6      | Reached skill level 6 in Unarmed Combat
  6727 | D:6      | XOM: noise
  7095 | D:6      | XOM: summons 2 friendly demons
  7335 | D:6      | XOM: god gift: morningstar {god gift}
  7479 | D:6      | Reached skill level 5 in Stealth
  7479 | D:6      | Reached XP level 8. HP: 27/36 MP: 11/11
  7589 | D:6      | XOM is BORED!
  7589 | D:6      | XOM: summons 1 hostile demon
  7622 | D:6      | XOM: cast spell 'Summon Small Mammal'
  7748 | D:6      | jacquesderrida: uberfetus
  7890 | D:6      | XOM: divination: detect items
  7904 | D:6      | XOM: blink monster(s)
  8041 | D:6      | Found a shimmering altar of Xom.
  8136 | D:6      | namelastname112: yay
  8203 | D:6      | XOM: summons 4 hostile demons
  8204 | D:6      | Noticed an ice devil
  8361 | D:6      | XOM: harmless Ice miscast
  8462 | D:6      | XOM: colour smoke trail
  8600 | D:7      | Gained mutation: Your mind is acute. (Int +2) [potion of mutation]
  8600 | D:7      | Gained mutation: You are frail (-10% HP). [potion of mutation]
  8600 | D:7      | Lost mutation: You are frail (-10% HP). [potion of mutation]
  8628 | D:7      | Found an opulent altar of Gozag.
  8763 | D:7      | Reached skill level 7 in Unarmed Combat
  8890 | D:7      | Reached skill level 5 in Fighting
  8984 | D:7      | XOM: noise
  9034 | D:7      | XOM: medium Hex miscast
  9213 | D:7      | XOM: potion effect (might)
  9220 | D:7      | XOM: scenery: create altars
  9237 | D:7      | XOM: silly message
  9268 | D:7      | XOM: harmless Trmt miscast
  9433 | D:8      | Noticed a deep elf mage
  9440 | D:8      | XOM: give mutations
  9440 | D:8      | Gained mutation: You occasionally shout uncontrollably at your foes. [Xom's mischief]
  9440 | D:8      | Lost mutation: You occasionally shout uncontrollably at your foes. [Xom's mischief]
  9440 | D:8      | Gained mutation: You are highly resistant to hostile enchantments. [Xom's mischief]
  9440 | D:8      | Lost mutation: Your mind is acute. (Int +2) [Xom's mischief]
  9529 | D:8      | XOM: god gift: 26 gold pieces
  9621 | D:8      | XOM: summons 8 friendly demons
  9623 | D:8      | Killed a deep elf mage
  9698 | D:8      | Learned a level 2 spell: Blink
  9701 | D:8      | Learned a level 2 spell: Repel Missiles
  9701 | D:8      | jacquesderrida: deng meng
  9745 | D:8      | XOM: 9-stop teleportation journey
  9804 | D:8      | XOM: god gift: scroll labeled KOUMUY FO KIEJ
  9808 | D:8      | XOM: enchant monster (bad)
  9820 | D:8      | XOM: enchant monster (bad)
  9832 | D:8      | XOM: confusion (+ monsters)
  9833 | D:8      | XOM: confusion
  9834 | D:8      | XOM: harmless Hex miscast
  9863 | D:8      | XOM: harmless Pois miscast
 10026 | D:8      | XOM: harmless Chrm miscast
 10146 | D:8      | You fall through a shaft for 3 floors!
 10147 | D:11     | namelastname112: shafts
 10147 | D:11     | namelastname112: love em
 10161 | D:11     | Noticed a komodo dragon
 10161 | D:11     | a yak changed into a komodo dragon
 10161 | D:11     | XOM: polymorph yak -> komodo dragon
 10182 | D:11     | Reached XP level 9. HP: 40/40 MP: 13/13
 10226 | D:11     | Lost mutation: You are highly resistant to hostile enchantments. [potion of mutation]
 10226 | D:11     | Gained mutation: You can translocate small distances at will. [potion of mutation]
 10226 | D:11     | Gained mutation: Your spells are a little harder to cast, but a little more powerful. [potion of mutation]
 10229 | D:10     | Entered Level 10 of the Dungeon
 10268 | D:10     | Reached skill level 1 in Translocations
 10314 | D:10     | jacquesderrida: Would you say you like exploring shafts, little mayne...
 10325 | D:10     | Reached skill level 1 in Spellcasting
 10325 | D:10     | Reached skill level 1 in Charms
 10377 | D:10     | Noticed a troll
 10406 | D:10     | XOM: enchant monster (good)
 10411 | D:10     | XOM: cast spell 'Chain of Chaos'
 10423 | D:10     | Slain by a troll
 10424 | D:10     | Reached XP level 8. HP: -5/37 MP: 12/12
 10533 | D:10     | XOM: summons friendly white imp
 10929 | D:9      | Reached skill level 8 in Unarmed Combat
 11220 | D:8      | XOM: summons 8 friendly demons
 11480 | D:8      | Found an ancient bone altar of Kikubaaqudgha.
 11573 | D:8      | Reached skill level 5 in Evocations
 11578 | D:8      | XOM: confuse monster(s)
 11836 | D:8      | XOM: harmless Fire miscast
 11856 | D:8      | XOM: summons friendly quasit
 11868 | D:8      | Reached XP level 9. HP: 41/41 MP: 13/13
 11900 | D:9      | XOM: 1-stop teleportation journey
 11909 | D:9      | XOM: confusion (+ monsters)
 12028 | D:9      | Found a radiant altar of Vehumet.
 12260 | D:9      | XOM: mild Conj miscast
 12274 | D:9      | XOM: mild Summ miscast
 12283 | D:9      | XOM: god gift: meat ration
 12548 | D:9      | Found Jujof's Food Shop.
 12552 | D:9      | Found an iron altar of Okawaru.
 12606 | D:9      | XOM: give mutations
 12606 | D:9      | Gained mutation: Your spells are harder to cast, but more powerful. [Xom's grace]
 12606 | D:9      | Gained mutation: Your mind is acute. (Int +2) [Xom's grace]
 12766 | D:9      | XOM: 8-stop teleportation journey
 12950 | D:9      | XOM: summons friendly white imp
 12951 | D:9      | XOM: blink monster(s)
 13207 | D:10     | XOM: medium Tloc miscast
 13324 | D:10     | XOM: give mutations
 13324 | D:10     | Lost mutation: You are resistant to hostile enchantments. [Xom's mischief]
 13324 | D:10     | Gained mutation: Your body sometimes deteriorates upon taking damage. [Xom's mischief]
 13324 | D:10     | Lost mutation: Your spells are harder to cast, but more powerful. [Xom's mischief]
 13324 | D:10     | Gained mutation: You are clumsy. (Dex -2) [Xom's mischief]
 13330 | D:10     | Found a staircase to the Orcish Mines.
 13353 | D:10     | XOM: divination: detect creatures
 13616 | D:10     | XOM: noise
 13659 | D:10     | XOM: smoke on damage
 13665 | D:10     | XOM: 2-stop teleportation journey
 13786 | D:10     | XOM: medium Summ miscast
 13965 | D:10     | XOM: medium Erth miscast
 14186 | D:10     | XOM: confuse monster(s)
 14192 | D:10     | XOM: 2-stop teleportation journey
 14230 | D:10     | Reached skill level 9 in Unarmed Combat
 14231 | D:10     | Killed a troll
 14461 | D:10     | Reached XP level 10. HP: 46/46 MP: 15/15
 14461 | D:10     | XOM: divine lightning (protected)
 14464 | D:10     | XOM: summons 2 friendly demons
 14468 | D:10     | XOM: butterfly on damage
 14475 | D:10     | XOM: butterfly on damage
 14476 | D:10     | XOM: potion effect (might)
 14721 | D:10     | XOM: harmless Necr miscast
 14995 | D:10     | XOM: divination: detect creatures
 15053 | D:10     | XOM: mild Ice miscast
 15248 | D:10     | XOM: butterfly on damage
 15257 | D:10     | XOM: summons friendly crimson imp
 15367 | D:10     | XOM is BORED!
 15367 | D:10     | XOM: medium Fire miscast
 15367 | D:10     | Killed by the capriciousness of Xom
 15368 | D:10     | Reached XP level 9. HP: 17/42 MP: 14/14
 15391 | D:10     | XOM: mild Summ miscast
 15392 | D:10     | XOM: medium Summ miscast
 15393 | D:10     | Noticed a sixfirhy
 15402 | D:10     | HP: 1/63 [sixfirhy[the capriciousness of Xom] (9)]
 15403 | D:10     | Mangled by a sixfirhy
 15404 | D:10     | Reached XP level 8. HP: -13/58 MP: 13/13
 15419 | D:10     | Quit the game

Vault maps used:
D:1:      lightli_arrival_flooded_house
D:2:      nicolae_overflow_crystal_walls, fedhas_altar_2
D:3:      kennysheep_generic_room_14
D:4:      minmay_temple_entry_mist, nicolae_ossuary_entry_plus
D:5:      amethyst_overflow_temple_binary, serial_shops,
          nicolae_shop_behind_doors, first_bread, mrwooster_statue_mirror
D:6:      xom_teletrap_fun
D:7:      nicolae_gozag_cash_rules_everything_around_me, minmay_misc_feat_chi
D:8:      kennysheep_little_box, kennysheep_small_spiral, grunt_pizzeria,
          minivault_11
D:9:      overflow_temple_1_default, vehumet_statue, serial_shops, shop
D:10:     lair_0_dummy, orc_0_dummy, worms_lemuel
D:11:     serial_shops, kennysheep_mini_moat, minmay_misc_feat_iff,
          hangedman_abyss_or_decor_lesser_grid
Ossuary:  ossuary_tomb_3

Skill      XL: |  1  2  3  4  5  6  7  8  9 10 |
---------------+-------------------------------+-----
Stealth        | 1 2 3 4 5 7 |  7.9
Dodging        | 4 5 6 7 8 |  8.6
Unarmed Combat | 4 5 6 8 9 |  9.2
Evocations     | 1 2 3 5 |  5.9
Fighting       | 4 5 6 |  6.5
Translocations | 2 4 |  4.9
Spellcasting   | 2 |  2.9
Charms         | 2 3 4 |  4.3

Action                   |  1- 3 |  4- 6 |  7- 9 | 10-12 || total
-------------------------+-------+-------+-------+-------++-------
Melee: Unarmed           |    88 |   122 |   492 |    67 ||   769
 Cast: Repel Missiles    |       |       |     1 |       ||     1
       Blink             |       |       |     5 |       ||     5
Evoke: Box of beasts     |       |     2 |     5 |       ||     7
       Wand              |       |       |     3 |       ||     3
  Use: Scroll            |       |    12 |    17 |       ||    29
       Potion            |       |     1 |     6 |     1 ||     8
 Stab: Sleeping          |     7 |    17 |    15 |       ||    39
       Confused          |       |       |     4 |       ||     4
       Distracted        |       |       |     2 |     2 ||     4
  Eat: Chunk             |     9 |     8 |    21 |     6 ||    44
